 Dungeon Crawl Stone Soup version 0.31-a0-845-g9abc20d24f (webtiles) character file.

Game seed: 3916586964444530305

88 arglypuff the Ducker (level 4, -2/31 HPs)
             Began as a Djinni Hedge Wizard on Oct 2, 2023.
             Shot with a sling bullet by a gnoll (8 damage)
             ... on level 2 of the Dungeon.
             The game lasted 00:03:43 (1644 turns).

arglypuff the Ducker (Djinni Hedge Wizard)          Turns: 1644, Time: 00:03:44

Health: -2/31      AC:  2    Str:  9    XL:     4   Next: 81%
Gold:   61         EV: 13    Int: 17    God:
                   SH:  0    Dex: 13

rFire   + + .        a - +0 dagger
rCold   x . .        (no shield)
rNeg    . . .        b - +0 robe
rPois   ∞            c - +0 hat
rElec   .            (no cloak)
rCorr   +            (no gloves)
SInv    .            (boots unavailable)
Will    .....        (no amulet)
Stlth   ++           h - ring of resist corrosion
HPRegen 0.25/turn    (no ring)
MPRegen 0.00/turn

%: infuse magic (-3 HP)
@: flying, studying Unarmed Combat
A: sickness immunity, fire resistance 2, cold vulnerability 1, float, innate
caster, HP casting, extra vitality 1
a: no special abilities


You were on level 2 of the Dungeon.
You visited 1 branch of the dungeon, and saw 2 of its levels.

You collected 61 gold pieces.

Inventory:

Hand Weapons
 a - a +0 dagger (weapon)
Armour
 b - a +0 robe (worn)
 c - a +0 hat (worn)
Jewellery
 h - a ring of resist corrosion (left hand)
Talismans
 f - a maw talisman
Wands
 i - a wand of flame (24)
Scrolls
 d - a scroll of vulnerability {unknown}
 e - 6 scrolls of identify {unknown}
Potions
 g - a potion of invisibility {unknown}
 j - 3 potions of curing


   Skills:
 + Level 0.2 Fighting
 + Level 3.3 Dodging
 + Level 2.8 Stealth
 + Level 3.2 Spellcasting
 + Level 3.2 Conjurations
 + Level 3.2 Hexes
 + Level 3.2 Summonings
 + Level 3.2 Necromancy
 + Level 3.2 Translocations
 + Level 3.2 Transmutations
 + Level 3.2 Fire Magic
 + Level 3.2 Ice Magic
 + Level 3.2 Air Magic
 + Level 3.2 Earth Magic
 + Level 3.2 Poison Magic


You knew the following spells:

 Your Spells              Type           Power      Damage    Failure   Level
a - Magic Dart            Conj           52%        1d5       4%          1
b - Slow                  Hex            52%        N/A       4%          1
c - Blink                 Tloc           26%        N/A       7%          2
d - Call Imp              Summ           26%        N/A       7%          2
e - Mephitic Cloud        Conj/Pois/Air  13%        N/A       14%         3
f - Shock                 Conj/Air       52%        1d6       4%          1
Your spell library was empty.

Dungeon Overview and Level Annotations

Branches:
Dungeon (2/15)

Altars:

Shops:
D:2 :=!!


Innate Abilities, Weirdness & Mutations

You are immune to sickness and miasma.
You are immune to poison.
Your flesh is very heat resistant. (rF++)
You are vulnerable to cold. (rC-)
You float through the air rather than walking.
You learn spells naturally, not from books.
Your magical power is your life essence.
You have superior vitality. (+4 MHP)


Message History

The ball python is moderately wounded.
Unknown command.
Casting: Magic Dart (safe; 4% risk of failure)
Confirm with . or Enter, or press ? or * to list all spells.
Aiming: Magic Dart (safe; 4% risk of failure)
Press: ? - help, Shift-Dir - straight line, f/p - ball python
Aim: a ball python (moderately wounded, 100% to hit)
The magic dart hits the ball python.
You kill the ball python!
Your cerulean imp barely misses the gnoll.
Casting: Magic Dart (safe; 4% risk of failure)
Confirm with . or Enter, or press ? or * to list all spells.
Aiming: Magic Dart (safe; 4% risk of failure)
Press: ? - help, Shift-Dir - straight line, f - gnoll
Aim: a gnoll, wielding a +0 sling (moderately wounded, ally target, 100% to hit)
The magic dart hits the gnoll but does no damage.
The gnoll is moderately wounded.
The gnoll shoots a sling bullet.
The sling bullet hits you.
* * * LOW HITPOINT WARNING * * *
Your cerulean imp hits the gnoll but does no damage.
Casting: Magic Dart (safe; 4% risk of failure)
Confirm with . or Enter, or press ? or * to list all spells.
Aiming: Magic Dart (safe; 4% risk of failure)
Press: ? - help, Shift-Dir - straight line, f/p - gnoll
Aim: a gnoll, wielding a +0 sling (moderately wounded, ally target, 100% to hit)
The magic dart hits the gnoll but does no damage.
The gnoll is moderately wounded.
* * * LOW HITPOINT WARNING * * *
The gnoll shoots a sling bullet.
The sling bullet misses you.
Your cerulean imp barely misses the gnoll.
Casting: Magic Dart (safe; 4% risk of failure)
Confirm with . or Enter, or press ? or * to list all spells.
Aiming: Magic Dart (safe; 4% risk of failure)
Press: ? - help, Shift-Dir - straight line, f/p - gnoll
Aim: a gnoll, wielding a +0 sling (moderately wounded, ally target, 100% to hit)
The magic dart hits the gnoll.
The gnoll is severely wounded.
* * * LOW HITPOINT WARNING * * *
The gnoll shoots a sling bullet.
The sling bullet hits you!
You die...

#..............#####
#.........####.....###
#.........# #####...##
#......>..# ###∩..
#...[.....# #######
######.#### #.# # #.#
#.#
#####.##########.#####
#....@........∩)......
##.....##########.####
###.....# #.##
#5†...##### #..#
#.........## ##.#
#.g...###..####.###
#..................
#.....###)...##..##
#.....# ##....##.##


You could see a gnoll (ally target) and a friendly cerulean imp (summoned).

Vanquished Creatures
  A gnoll (D:2)
  3 worms (D:2)
  3 bats
  An endoplasm (D:1)
  3 giant cockroaches (D:1)
  4 goblins
  7 hobgoblins
  3 jackals (D:2)
  7 kobolds
  2 quokkas (D:2)
  4 ball pythons
  5 frilled lizards
  5 rats (D:1)
48 creatures vanquished.

Vanquished Creatures (collateral kills)
  2 gnolls (D:2)
2 creatures vanquished.

Grand Total: 50 creatures vanquished

Notes
Turn   | Place    | Note
-------+----------+-------------------------------------------
     0 | D:1      | arglypuff the Djinni Hedge Wizard began the quest for the
                  | Orb.
     0 | D:1      | arglypuff set off with the following spells memorised:
                  | Magic Dart, Slow, Blink, Call Imp, Mephitic Cloud.
     0 | D:1      | Reached XP level 1. HP: 15/15 MP: 0/0
    96 | D:1      | Reached XP level 2. HP: 19/21 MP: 0/0
   480 | D:1      | Reached XP level 3. HP: 21/25 MP: 0/0
   480 | D:1      | Learned a level 1 spell: Shock
   768 | D:2      | Found Ifut's Distillery.
   823 | D:2      | Found Wobron's Book Boutique.
  1017 | D:2      | Reached XP level 4. HP: 8/31 MP: 0/0
  1304 | D:2      | Found Juco Ory's Distillery.
  1342 | D:2      | Found Ifog Lamp's Jewellery Shoppe.
  1644 | D:2      | Shot with a sling bullet by a gnoll

Illustrated notes

Levels and vault maps discovered:
D:1:      orjb1_lava_funnel, layout_loops_ring
D:2:      layout_rooms, serial_shops, nicolae_shop_tiny_real_fake_doors, shop,
          shop, nicolae_shop_real_fake_doors

Skill      XL: |  1  2  3 |
---------------+----------+-----
Stealth        | 2 |  2.8
Dodging        | 3 |  3.3
Spellcasting   | 3 |  3.2
Conjurations   | 3 |  3.2
Hexes          | 3 |  3.2
Summonings     | 3 |  3.2
Necromancy     | 3 |  3.2
Translocations | 3 |  3.2
Transmutations | 3 |  3.2
Fire Magic     | 3 |  3.2
Ice Magic      | 3 |  3.2
Air Magic      | 3 |  3.2
Earth Magic    | 3 |  3.2
Poison Magic   | 3 |  3.2
Fighting       | |  0.2

Action                     |  1- 3 |  4- 6 || total
---------------------------+-------+-------++-------
   Cast: Magic Dart        |   104 |    37 ||   141
         Call Imp          |       |     6 ||     6
    Use: Potion            |     1 |       ||     1
 Armour: Robe              |    11 |     8 ||    19
  Dodge: Dodged            |    21 |     5 ||    26

Table legend: (Time is in decaauts)
 A = Elapsed time spent in this place.
 B = Non-inter-level travel time spent in this place.
 C = Inter-level travel time spent in this place.
 D = Time resting spent in this place.
 E = Time spent auto-exploring this place.
 F = Levels seen in this place.
 G = Mean time per level.
                   A        B        C        D        E       F      G
               +--------+--------+--------+--------+--------+-----+--------+
         Total |   1643 |   1598 |     45 |      0 |   1319 |   2 |  821.5 |
       Dungeon |   1643 |   1598 |     45 |      0 |   1319 |   2 |  821.5 |
               +--------+--------+--------+--------+--------+-----+--------+

Top non-repeatable levels by time:
     D:2: 954 daAuts
     D:1: 689 daAuts
